Map: Aura letal EJ

Players

Leavage - Winner!

  • Race: Terran Terran
  • League: Platinum
  • Spawn Location: 11:00

IA (Más difícil) 1

  • Race: Protoss Protoss
  • Spawn Location: 5:00

VOD

Have the link to the VOD?

Description

Time

  • Played on: Sept. 2, 2020, 10:27 a.m.
  • Length: 12:29
Show
View Real Time Build Order
Export as new Build Order

Leavage Terran - Winner!

Build Orders: Reaper Expand 

Get SALT Encoding   

  12  0:00  SCV  
  13  0:12  SCV  
  14  0:18  Supply Depot  
  14  0:27  SCV  
  15  0:40  SCV  
  15  0:41  Barracks  
  16  0:44  Refinery  
  16  0:52  SCV  
  17  1:04  SCV  
  18  1:16  SCV  
  19  1:29  Orbital Command  
  19  1:37  Reaper  
  20  1:41  Command Center  
  20  1:52  Supply Depot  
  20  2:04  SCV  
  21  2:09  Marine  
  21  2:11  Factory  
  22  2:16  SCV  
  22  2:21  Refinery  
  23  2:26  Bunker  
  23  2:28  SCV  
  24  2:41  SCV, Barracks Reactor  
  25  2:53  SCV  
  25  2:54  Orbital Command  
  25  2:56  Starport  
  26  3:02  Widow Mine  
  26  3:05  SCV  
  29  3:17  SCV, Marine x2  
  32  3:21  SCV  
  32  3:24  Widow Mine  
  34  3:29  SCV  
  35  3:35  Medivac  
  35  3:36  SCV, Supply Depot, Marine  
  35  3:38  Marine  
  40  3:42  SCV  
  40  3:46  Widow Mine  
  43  3:48  SCV  
  44  3:56  Supply Depot  
  44  3:57  SCV  
  44  4:00  SCV  
  44  4:02  Marine x2  
  48  4:09  SCV  
  49  4:15  Starport Tech Lab  
  49  4:16  SCV  
  50  4:22  Barracks  
  51  4:24  SCV, Marine  
  51  4:25  Marine, Barracks  
  51  4:27  Factory Tech Lab  
  51  4:28  SCV  
  54  4:35  Supply Depot  
  54  4:36  SCV  
  55  4:40  SCV  
  55  4:42  Marine  
  55  4:43  Marine  
  55  4:44  Raven  
  60  4:48  SCV  
  60  4:50  Refinery  
  60  4:51  Engineering Bay  
  61  5:07  SCV x2, Marine  
  61  5:08  Marine  
  61  5:09  Siege Tank  
  61  5:13  Barracks Tech Lab  
  68  5:17  Supply Depot  
  68  5:19  SCV x2  
  70  5:26  Supply Depot  
  70  5:31  Terran Infantry Weapons Level 1  
  70  5:34  Stimpack  
  70  5:38  Marine x2  
  70  5:39  Marauder  
  70  5:40  SCV  
  70  5:41  SCV  
  76  5:46  Starport Reactor  
  76  5:50  Supply Depot  
  76  5:52  Combat Shield  
  76  5:53  SCV x2  
  76  5:54  Marauder  
  76  5:56  Marine x2  
  82  5:59  Refinery  
  82  6:00  Marauder  
  84  6:05  SCV  
  84  6:11  SCV  
  86  6:14  Marine x2  
  86  6:15  Marine  
  86  6:16  Siege Tank  
  86  6:17  SCV  
  93  6:21  Marine  
  93  6:22  Supply Depot  
  93  6:23  Supply Depot  
  94  6:31  SCV, Medivac x2  
  94  6:32  Marine x2  
  101  6:41  SCV  
  101  6:44  Marauder x2  
  106  6:54  SCV  
  106  6:55  SCV, Marine  
  106  6:56  Marine  
  110  7:04  Marine x2  
  110  7:05  Medivac x2  
  110  7:06  Command Center  
  116  7:13  Marine  
  116  7:14  Marine  
  118  7:29  Terran Infantry Armor Level 1  
  118  7:34  Engineering Bay  
  118  7:36  Armory  
  118  7:39  Barracks  
  118  7:45  Barracks  
  118  7:47  Marine  
  118  7:49  SCV, Marine  
  118  7:51  Factory Reactor  
  118  7:52  SCV  
  118  7:54  Marine x2  
  116  7:59  Medivac  
  116  8:00  Medivac  
  116  8:01  SCV  
  116  8:04  SCV  
  118  8:17  Marine x2  
  118  8:18  Marauder x2  
  124  8:27  Orbital Command  
  124  8:35  Marine x2  
  124  8:39  Marauder x2  
  130  8:41  SCV x2  
  130  8:48  Missile Turret  
  132  8:49  Missile Turret x2  
  132  8:53  Marine x2  
  134  8:56  Supply Depot, Terran Infantry Weapons Level 2  
  134  8:57  Supply Depot  
  134  8:59  Supply Depot  
  134  9:00  Marine  
  134  9:01  Marauder  
  134  9:11  Marine x2  
  136  9:19  Marauder  
  136  9:25  Marine  
  136  9:27  Concussive Shells  
  136  9:28  Orbital Command, Marine  
  136  9:29  Marauder, Marine x3  
  136  9:31  Widow Mine  
  145  9:32  Liberator x2  
  145  9:34  Terran Ship Weapons Level 1  
  145  9:35  SCV  
  145  9:36  SCV  
  152  9:40  Marauder  
  154  9:44  Marauder  
  154  9:50  Marauder  
Show
View Real Time Build Order
Export as new Build Order

IA (Más difícil) 1 Protoss 

Build Orders: 1 Gate Expand 

Get SALT Encoding   

  12  0:00  Probe  
  13  0:13  Probe  
  14  0:20  Pylon  
  14  0:25  Probe  
  15  0:34  Probe  
  15  0:42  Probe  
  17  0:50  Gateway  
  17  1:07  Probe  
  17  1:10  Nexus  
  18  1:27  Pylon  
  18  1:30  Assimilator  
  18  1:39  Zealot  
  20  1:41  Cybernetics Core  
  20  1:42  Probe  
  21  1:54  Probe  
  22  2:03  Probe  
  22  2:06  Gateway  
  23  2:10  Stalker  
  23  2:13  Assimilator  
  23  2:19  Probe  
  23  2:20  Pylon  
  26  2:32  Probe  
  27  2:38  Stalker  
  29  2:44  Probe  
  29  2:46  Warp Gate  
  29  2:50  Probe  
  31  2:56  Probe  
  32  3:01  Probe  
  32  3:03  Gateway  
  33  3:09  Probe x2  
  34  3:13  Zealot  
  34  3:18  Probe  
  37  3:25  Stalker  
  40  3:40  Sentry, Assimilator  
  42  3:44  Probe  
  42  3:46  Probe  
  44  3:49  Adept  
  44  3:52  Pylon  
  46  3:56  Probe  
  46  3:59  Probe  
  48  4:02  Stargate  
  48  4:06  Probe  
  49  4:11  Probe  
  49  4:14  Probe  
  49  4:16  Assimilator  
  50  4:23  Probe x2  
  52  4:26  Pylon  
  52  4:28  Forge  
  52  4:31  Probe  
  53  4:36  Probe  
  55  4:40  Probe  
  55  4:42  Void Ray  
  56  4:48  Probe  
  61  4:55  Probe  
  61  4:58  Pylon  
  53  5:00  Probe, Zealot, Robotics Facility, Protoss Ground Weapons Level 1  
  52  5:09  Probe  
  52  5:12  Probe  
  54  5:20  Zealot  
  54  5:21  Probe  
  57  5:24  Probe  
  58  5:32  Zealot  
  58  5:33  Probe  
  61  5:37  Probe  
  62  5:44  Stalker  
  62  5:45  Probe  
  62  5:49  Probe, Observer  
  67  5:56  Stalker  
  69  5:57  Probe  
  69  6:02  Pylon  
  69  6:03  Probe  
  71  6:08  Stalker  
  71  6:09  Probe  
  74  6:15  Probe  
  74  6:16  Twilight Council  
  75  6:21  Probe  
  76  6:27  Stalker  
  76  6:28  Probe  
  76  6:30  Probe  
  79  6:34  Pylon  
  79  6:38  Probe  
  79  6:39  Sentry  
  82  6:40  Probe  
  82  6:43  Blink  
  84  6:51  Probe, Sentry  
  87  6:56  Probe  
  87  6:59  Pylon  
  88  7:04  Adept  
  88  7:05  Void Ray  
  90  7:09  Protoss Ground Armor Level 1  
  90  7:11  Photon Cannon  
  90  7:14  Photon Cannon  
  90  7:16  Pylon  
  90  7:18  Observer  
  95  7:25  Pylon  
  94  7:37  Void Ray  
  94  7:39  Observer  
  99  7:53  Forge  
  99  7:56  Zealot  
  61  8:09  Sentry  
  61  8:11  Immortal  
  57  8:15  Void Ray  
  47  8:33  Stalker  
  29  8:45  Stalker  
  31  8:52  Void Ray  
  31  9:01  Adept  
  27  9:10  Zealot  
  27  9:12  Probe  
  19  9:22  Immortal  
  19  9:23  Stalker  
  22  9:24  Probe  
  22  9:29  Void Ray, Pylon  
  22  9:36  Probe  
  26  9:42  Nexus  
Tags
 
Add a new tag
Caveats
  • Supply blocks, unpowered buildings, or Contaminate may cause inaccurate times.
  • Supply counts are checked every 10 seconds.